 Dungeon Crawl Stone Soup version 0.21-a0-528-gf531e82 (webtiles) character file.

145690 Coron the Tortoise (level 16, 0/126 HPs)
             Began as a Deep Dwarf Abyssal Knight on Dec 9, 2017.
             Was a High Priest of Trog.
             Killed by divine providence
             ... invoked by a smoke demon
              (12 damage)
             ... on level 4 of the Abyss.
             The game lasted 02:03:55 (27211 turns).

Coron the Tortoise (Deep Dwarf Abyssal Knight)     Turns: 27211, Time: 02:03:55

Health: 0/126      AC: 24    Str: 28 (30) XL:     16   Next: 87%
Magic:  16/16      EV:  9    Int: 11      God:    Trog [*****.]
Gold:   1447       SH: 22    Dex: 13      Spells: 22/25 levels left

rFire    . . .     SeeInvis .   v - +9 whip (vamp)
rCold    . . .     Gourm    +   y - +2 large shield
rNeg     + . .     Faith    .   j - +0 swamp dragon scales
rPois    +         Spirit   .   e - +2 helmet
rElec    .         Reflect  .   I - +2 cloak
rCorr    +         Harm     .   u - +2 pair of gloves
MR       +++..     Rnd*Tele +   M - +1 pair of boots of Qazlal {+Blink rCorr Dex+3}
Stlth    +.........             U - amulet of the gourmand
HPRegen  0.00/turn              A - ring of the Present {+Inv +Fly Str+7}
MPRegen  0.15/turn              l - +6 ring of slaying

@: about to teleport, non-regenerating, drained
A: damage resistance, heal wounds, talons 1, slimy green scales 1, [blurry
vision 1], [clumsy 1], [deformed body], deterioration 2, dopey 1, frail 1[+1],
magic resistance 1, negative energy resistance 1, sense surroundings 2,
teleportitis 1, [subdued magic 2], MP-powered wands, no regeneration
a: Heal Wounds, Berserk, Trog's Hand, Brothers in Arms, Burn Spellbooks,
Renounce Religion, Evoke Blink, Evoke Invisibility, Evoke Flight


You were on level 4 of the Abyss.
You worshipped Trog.
Trog was extremely pleased with you.
You were not hungry.

You visited 5 branches of the dungeon, and saw 26 of its levels.
You visited the Abyss 4 times.
You also visited: Labyrinth and Sewer.

You collected 2369 gold pieces.
You spent 922 gold pieces at shops.

Inventory:

Hand Weapons
 v - a +9 vampiric whip (weapon)
 B - a +3 flail of protection
 P - a +5 antimagic broad axe
Missiles
 C - 13 javelins (quivered)
Armour
 e - a +2 helmet (worn)
 j - +0 swamp dragon scales (worn)
 u - a +2 pair of gloves (worn)
 y - a +2 large shield (worn)
 I - a +2 cloak (worn)
 K - a +0 crystal plate armour
 M - the +1 pair of boots of Qazlal (worn) {+Blink rCorr Dex+3}
   (You found it on level 7 of the Dungeon)

   It affects your dexterity (+3).
   It lets you blink.
   It protects you from acid and corrosion.
Jewellery
 f - an uncursed ring of teleportation
 i - an uncursed ring of positive energy
 k - an uncursed ring of see invisible
 l - a +6 ring of slaying (right hand)
 A - the ring of the Present (left hand) {+Inv +Fly Str+7}
   (You acquired it on level 5 of the Lair of Beasts)

   [ring of flight]

   It affects your strength (+7).
   It lets you turn invisible.
   It lets you fly.
 H - an uncursed ring of protection from fire
 Q - the ring of Muinom {+Inv Int+4 Dex+4}
   (You bought it in a shop on level 8 of the Dungeon)

   [ring of dexterity]

   It affects your intelligence (+4).
   It affects your dexterity (+4).
   It lets you turn invisible.
 U - an amulet of the gourmand (around neck)
 X - the ring of the Gloaming {rElec rC+ Stlth+}
   (You bought it in a shop on level 8 of the Dungeon)

   [ring of protection from cold]

   It protects you from cold.
   It insulates you from electricity.
   It makes you more stealthy.
Wands
 a - a wand of iceblast (4)
 h - a wand of disintegration (17)
 x - a wand of scattershot (7)
 D - a wand of paralysis (25)
 G - a wand of flame (31)
 N - a wand of clouds (7)
 O - a wand of acid (10)
 S - a wand of enslavement (28)
 Y - a wand of digging (15)
Scrolls
 q - a scroll of teleportation
 t - 3 scrolls of blinking
 T - 4 scrolls of fog
 V - 3 scrolls of holy word
 Z - 2 scrolls of magic mapping
Potions
 b - 4 potions of flight
 d - 6 potions of agility
 m - 2 potions of haste
 n - 2 potions of resistance
 o - 4 potions of might
 w - 3 potions of curing
 z - 3 potions of heal wounds
 F - 6 potions of invisibility
 J - 5 potions of berserk rage
 L - 7 potions of magic
 W - a potion of cancellation
Miscellaneous
 g - a phantom mirror
 R - a lightning rod (4/4)
Comestibles
 c - 18 bread rations
 p - 14 royal jellies
 r - 6 meat rations
 s - 10 fruits


   Skills:
 + Level 13.8(13.3) Fighting
 - Level 2.3(7.6) Axes
 - Level 10.8(10.5) Maces & Flails
 + Level 16.9(16.4) Armour
 - Level 1.4(1.0) Dodging
 - Level 14.0(13.5) Shields
 - Level 5.2(4.8) Spellcasting
 - Level 9.6(9.1) Necromancy
   Level 2.8(2.5) Invocations
 - Level 12.0(11.5) Evocations


You had 22 spell levels left.
You knew the following spells:

 Your Spells              Type           Power        Failure   Level  Hunger
v - Vampiric Draining     Necr           ##........   5%          3    ###....


Dungeon Overview and Level Annotations

Branches:
Dungeon (14/15)            Temple (1/1) D:7            Lair (6/6) D:8
  Swamp (3/4) Lair:3       Spider (0/4) Lair:4        Slime (0/5) Lair:5
    Orc (2/2) D:9             Elf (0/3) Orc:2        Vaults (0/5) D:14

Altars:
Ashenzari
Cheibriados
Dithmenos
Elyvilon
Fedhas
Gozag
Hepliaklqana
Kikubaaqudgha
Makhleb
Nemelex Xobeh
Okawaru
Qazlal
Ru
Sif Muna
Trog
Uskayaw
Vehumet
Wu Jian
Xom
Yredelemnul
Zin
The Shining One
Beogh
Jiyva

Shops:
D:5 *:   D:8 ?**[   D:14 }   Orc:2 [*[(

Annotations:
D:9 2 runed doors
Lair:5 1 runed door
Lair:6 exclusion: 2 oklob plants


Innate Abilities, Weirdness & Mutations

You are resistant to damage.
You can heal yourself by infusing magical energy.
You resist negative energy. (rN+)
You passively map the area around you.
You do not regenerate.
You have sharp toenails.
You are partially covered in slimy green scales. (AC +2)
Your body often deteriorates upon taking damage.
You are dopey. (Int -2)
You are resistant to hostile enchantments. (MR+)
You are occasionally teleported next to monsters.
You expend magic power (3 MP) to strengthen your wands.
[Scrolls take you a little longer to read.]
[You are clumsy. (Dex -2)]
[Armour fits poorly on your strangely shaped body.]
[You are very frail. (-20% HP)]
[Your spells are easier to cast, but less powerful.]


Message History

* * * LOW HITPOINT WARNING * * *
The jiangshi draws strength from your injuries!
The jiangshi claws you!
* * * LOW HITPOINT WARNING * * *
The jiangshi draws strength from your injuries!
The smoke demon hits you.
* * * LOW HITPOINT WARNING * * *
You block the smoke demon's attack.
The smoke demon hits you but does no damage.
A golden eye comes into view.
Okay, then.
You are covered in liquid flames!
You block something's attack.
The jiangshi is engulfed in a cloud of scalding steam.
You block the jiangshi's attack. The jiangshi claws you!
* * * LOW HITPOINT WARNING * * *
The jiangshi draws strength from your injuries!
The smoke demon gestures at you. Something smites you!
You die...

## #. ##.
.. # ##
###.#.####
.
#.3.V....#
#.#.#.V##
####...
#@ยง3# #
#.#
#....#.# ..
#.
####.#.....
.. # ###
#...##.#..
# #..#.# .
##... #G# .
#.... #.
##.# ..# #
. # # .# ##
..# ###.. .
## # .# # #
#. #. . #.


You could see 2 jiangshi, 2 smoke demons and a golden eye.

Vanquished Creatures
  An Executioner (Abyss:4)
  4 tentacled starspawn
  A thorn hunter (Swamp:1)
  The ghost of garbled the Covert, an adept VSEE of Makhleb (Swamp:1)
  Louise (Swamp:1)
  2 cacodemons (Abyss:3)
  An orc warlord (Orc:2)
  2 lorocyprocas
  2 fire dragons (D:14)
  A minotaur (Lab)
  Erolcha (D:10)
  A ghost crab (Swamp:2)
  4 vault guards (D:14)
  A rakshasa (Abyss:2)
  14 hydras
  A naga warrior (Abyss:2)
  8 alligators
  4 catoblepae (Lair:6)
  The ghost of Maxmaps the Spear-Bearer, a journeyman DsWn of Okawaru (D:11)
  6 two-headed ogres
  6 death yaks (Lair:6)
  4 centaur warriors
  2 tengu warriors
  A vampire mage (Abyss:2)
  12 thrashing horrors
  2 orc high priests (Orc:2)
  A spriggan berserker (Swamp:2)
  5 wretched stars
  A deep elf knight (Swamp:2)
  4 skeletal warriors (D:14)
  3 sixfirhies (Abyss:3)
  The ghost of slep the Cleaver, a novice VSGl of Okawaru (D:8)
  19 starcursed masses
  A shambling mangrove (Swamp:3)
  An unseen horror (D:10)
  3 spriggan druids (Swamp:2)
  2 orc knights
  A wizard (D:13)
  6 swamp dragons
  A lindwurm (Lair:6)
  A wolf spider zombie (D:14)
  Pikel (D:6)
  An oklob plant (Lair:1)
  3 ugly things
  2 orc sorcerers
  2 cyclopes
  2 manticores (Lair:6)
  2 worldbinders
  2 centaur zombies
  3 black mambas
  A guardian serpent (Abyss:2)
  An apocalypse crab (Abyss:2)
  8 elephants
  3 smoke demons
  A gargoyle (D:11)
  A hellion (Abyss:4)
  5 komodo dragons
  A rime drake (Lair:6)
  13 spiny frogs
  The ghost of brknglss the Digger, a novice DrEE of Vehumet (D:6)
  4 kobold demonologists
  An ice devil (Abyss:2)
  7 ancient zymes
  3 tyrant leeches
  14 trolls
  A wind drake (shapeshifter) (Abyss:3)
  4 bog bodies
  A jumping spider (Lair:4)
  Grinder (Sewer)
  2 raiju
  13 hornets
  19 slime creatures
  23 blink frogs
  14 large abominations
  4 dream sheep (Lair:4)
  12 hippogriffs
  A centaur simulacrum (D:14)
  12 spriggans
  4 shadows
  A ynoxinul (Abyss:3)
  A wraith (D:13)
  45 yaks
  Eustachio (D:5)
  Grum (D:11)
  2 wyverns
  2 basilisks
  4 golden eyes
  15 vampire mosquitoes
  6 hungry ghosts
  A chaos spawn (Abyss:2)
  3 neqoxecs
  11 swamp worms
  7 insubstantial wisps
  Duvessa (D:6)
  3 nagas (Abyss:2)
  Edmund (D:5)
  3 wargs
  An acid dragon (D:12)
  25 small abominations
  9 water moccasins
  9 porcupines
  7 swamp drakes
  47 orc warriors
  6 ice beasts
  5 sky beasts
  12 ogres
  2 slaves (D:6)
  An eye of draining (D:13)
  2 phantoms
  22 centaurs
  4 wolves
  11 crocodiles
  6 big kobolds
  17 bullfrogs
  Dowan (D:6)
  A wyvern skeleton (D:13)
  3 wyvern zombies
  4 scorpions
  9 killer bees
  A swamp dragon simulacrum (Abyss:4)
  13 wights
  5 howler monkeys
  A bullfrog zombie (D:10)
  2 crimson imps
  4 quasits
  3 centaur skeletons
  6 jellies
  6 hounds
  21 orc priests
  39 orc wizards
  Crazy Yiuf (D:6)
  4 bullfrog skeletons
  4 iguanas
  11 worker ants
  5 hell rats (Lair:4)
  A killer bee zombie (D:9)
  5 big kobold zombies (Sewer)
  2 worker ant zombies (D:10)
  3 gnolls (D:6)
  2 howler monkey skeletons
  16 adders
  7 shadow imps
  3 ufetubi
  2 oozes
  An adder zombie (D:5)
  An adder skeleton (D:5)
  3 worms
  2 dart slugs
  3 leopard geckos
  105 orcs
  10 giant cockroaches
  4 goblins
  10 hobgoblins
  17 jackals
  8 quokkas
  5 ball pythons
  A ball python skeleton (D:6)
  13 bats
  2 frilled lizards
  A jackal skeleton (D:5)
  40 kobolds
  A kobold zombie (Sewer)
  A leopard gecko skeleton (D:5)
  11 rats
1045 creatures vanquished.

Vanquished Creatures (others)
  A vampire mage (Abyss:4)
  A hornet (Swamp:2)
  A spriggan (Swamp:2)
  A water moccasin (Lair:3)
  A fungus (Lair:3)
  A lurking horror (Abyss:2)
  5 plants
  15 starspawn tentacles
26 creatures vanquished.

Grand Total: 1071 creatures vanquished

Notes
Turn   | Place    | Note
-------+----------+-------------------------------------------
     0 | Abyss:1  | Coron the Deep Dwarf Abyssal Knight began the quest for the Orb.
     0 | Abyss:1  | Reached XP level 1. HP: 20/20 MP: 2/2
     0 | Abyss:1  | Found a corrupted altar of Lugonu.
    93 | Abyss:1  | Noticed a small abomination
   101 | D:1      | Escaped the Abyss
   264 | D:1      | Reached XP level 2. HP: 25/27 MP: 4/4
   336 | D:1      | Reached * piety under Lugonu
   599 | D:1      | Reached skill level 3 in Armour
   749 | D:2      | Reached XP level 3. HP: 28/34 MP: 5/5
   873 | D:2      | Found a burning altar of Makhleb.
  1014 | D:2      | Reached skill level 4 in Armour
  1080 | D:2      | Reached ** piety under Lugonu
  1131 | D:2      | Reached XP level 4. HP: 22/42 MP: 6/6
  1693 | D:3      | Reached skill level 5 in Armour
  1832 | D:3      | Reached XP level 5. HP: 44/49 MP: 7/7
  1931 | D:3      | Found a faded altar of an unknown god.
  1938 | D:3      | Reached skill level 1 in Maces & Flails
  2021 | D:3      | Found a glowing drain.
  2036 | Sewer    | Entered a sewer
  2044 | Sewer    | Reached *** piety under Lugonu
  2186 | Sewer    | Found a burning altar of Makhleb.
  2191 | Sewer    | Reached XP level 6. HP: 49/56 MP: 8/8
  2256 | Sewer    | Reached skill level 6 in Armour
  2280 | Sewer    | Noticed Grinder
  2284 | Sewer    | Paralysed by Grinder for 4 turns
  2299 | Sewer    | Paralysed by Grinder for 5 turns
  2306 | Sewer    | Killed Grinder
  2306 | Sewer    | Reached XP level 7. HP: 50/62 MP: 9/9
  2770 | D:3      | Reached **** piety under Lugonu
  2907 | D:4      | Reached skill level 7 in Armour
  2914 | D:4      | Got a steaming mace
  2968 | D:4      | Identified the +1 mace "Coas Ymi" {protect, Dex+7} (You found it on level 4 of the Dungeon)
  3237 | D:4      | Reached XP level 8. HP: 56/73 MP: 10/10
  3242 | D:4      | Reached skill level 5 in Fighting
  3339 | D:5      | Entered Level 5 of the Dungeon
  3360 | D:5      | Reached skill level 8 in Armour
  3453 | D:5      | Noticed Eustachio
  3476 | D:5      | Killed Eustachio
  3592 | D:5      | Reached skill level 9 in Armour
  3609 | D:5      | Found a glowing golden altar of the Shining One.
  3805 | D:5      | Found Voes's Book Boutique.
  3816 | D:5      | Reached ***** piety under Lugonu
  3889 | D:5      | Found Sastrume's Assorted Antiques.
  3896 | D:5      | Bought a pair of boots for 117 gold pieces
  3915 | D:5      | Noticed Edmund
  3960 | D:5      | Killed Edmund
  3960 | D:5      | Reached skill level 5 in Maces & Flails
  3960 | D:5      | Gained mutation: You passively map the area around you. [Deep Dwarf growth]
  3960 | D:5      | Reached XP level 9. HP: 85/85 MP: 11/11
  4387 | D:6      | Noticed Pikel
  4419 | D:6      | Killed Pikel
  4419 | D:6      | Reached skill level 10 in Armour
  4462 | D:6      | Noticed brknglss's ghost (novice DrEE)
  4487 | D:6      | Killed brknglss's ghost
  4713 | D:6      | Reached skill level 1 in Shields
  4765 | D:6      | Noticed Duvessa
  4765 | D:6      | Noticed Dowan
  4790 | D:6      | Killed Duvessa
  4793 | D:6      | Killed Dowan
  5004 | D:6      | Found a runed door.
  5080 | D:6      | Noticed Crazy Yiuf
  5084 | D:6      | Killed Crazy Yiuf
  5127 | D:7      | Found a staircase to the Ecumenical Temple.
  5130 | D:7      | Paralysed by a hornet for 3 turns
  5137 | D:7      | Paralysed by a hornet for 2 turns
  5149 | D:7      | Paralysed by a hornet for 2 turns
  5154 | D:7      | Reached skill level 11 in Armour
  5301 | D:7      | Got a pair of ichor-stained boots
  5312 | D:7      | Reached XP level 10. HP: 28/94 MP: 12/12
  5353 | D:7      | Identified the +1 pair of boots of Qazlal {+Blink rCorr Dex+3} (You found it on level 7 of the Dungeon)
  5724 | D:8      | Found Oxuxkiab's Magic Scroll Shoppe.
  5742 | D:8      | Bought a scroll of enchant weapon for 90 gold pieces
  5771 | D:8      | Found Ziroicvu's Assorted Antiques.
  5772 | D:8      | Noticed slep's ghost (novice VSGl)
  5994 | D:8      | Bought a glittering ivory ring for 135 gold pieces
  5995 | D:8      | Identified the ring of Muinom {+Inv Int+4 Dex+4} (You bought it in a shop on level 8 of the Dungeon)
  6050 | D:8      | Reached skill level 5 in Shields
  6110 | D:8      | Found Suemmuqa's Assorted Antiques.
  6133 | D:8      | Found a staircase to the Lair.
  6266 | D:8      | Found Zaocso's Antique Armour Boutique.
  6548 | D:9      | Found a staircase to the Orcish Mines.
  6693 | D:9      | Noticed a fire dragon
  6694 | D:9      | Noticed a fire dragon
  6694 | D:9      | Noticed an ice dragon
  6696 | D:9      | Found a runed door.
  6697 | D:9      | Found the +2 shield of Resistance {rF+ rC+ MR+}
  6697 | D:9      | Noticed an ice dragon
  6781 | D:9      | Reached skill level 12 in Armour
  6832 | D:9      | Found a runed door.
  6848 | D:9      | Reached skill level 1 in Evocations
  6858 | D:9      | Gained mutation: You passively map a large area around you. [mutagenic meat]
  7406 | D:10     | Entered Level 10 of the Dungeon
  7458 | D:10     | Noticed a two-headed ogre
  7490 | D:9      | Killed a two-headed ogre
  7537 | D:10     | Noticed a two-headed ogre
  7662 | D:9      | Reached skill level 5 in Evocations
  7730 | D:10     | Killed a two-headed ogre
  7807 | D:10     | Gained mutation: You occasionally shout uncontrollably at your foes. [mutagenic meat]
  7808 | D:10     | Lost mutation: You occasionally shout uncontrollably at your foes. [mutagenic meat]
  7809 | D:10     | Gained mutation: Your mind is acute. (Int +2) [mutagenic meat]
  7810 | D:10     | Gained mutation: Your flesh is cold resistant. (rC+) [mutagenic meat]
  7811 | D:10     | Gained mutation: You occasionally shout uncontrollably at your foes. [mutagenic meat]
  7879 | D:10     | Reached XP level 11. HP: 104/104 MP: 16/16
  7918 | D:10     | Killed an unseen horror
  8025 | D:10     | Noticed Erolcha
  8053 | D:10     | Killed Erolcha
  8364 | D:11     | Reached ****** piety under Lugonu
  8407 | D:11     | Noticed Grum
  8421 | D:11     | Killed Grum
  8536 | D:11     | Reached skill level 10 in Fighting
  8812 | D:8      | Bought a transparent copper ring for 135 gold pieces
  8814 | D:8      | Identified the ring of the Gloaming {rElec rC+ Stlth+} (You bought it in a shop on level 8 of the Dungeon)
  8847 | D:8      | Bought a large shield for 112 gold pieces
  8874 | D:8      | Killed slep's ghost
  8952 | D:11     | Got an ancient chain mail
  8975 | D:11     | Identified the cursed +1 chain mail "Luoc" {-Cast Dex+5 Stlth+} (You found it on level 11 of the Dungeon)
  9042 | D:11     | Noticed Maxmaps's ghost (journeyman DsWn)
  9739 | D:12     | Noticed a two-headed ogre
  9765 | D:12     | Killed a two-headed ogre
  9886 | D:12     | Reached XP level 12. HP: 97/118 MP: 19/19
 10324 | D:12     | Reached skill level 13 in Armour
 10549 | Lair:1   | Entered Level 1 of the Lair of Beasts
 10550 | Lair:1   | Found an ancient bone altar of Kikubaaqudgha.
 10631 | Lair:1   | Found a labyrinth entrance.
 10652 | Lab      | Entered a labyrinth
 10991 | Lab      | Noticed a minotaur
 11006 | Lab      | Killed a minotaur
 11033 | Lab      | Identified the Disquisition on Execration
 11594 | Lair:2   | Reached skill level 14 in Armour
 12066 | Lair:3   | Reached skill level 10 in Shields
 12151 | Lair:3   | Found a staircase to the Swamp.
 12544 | Temple   | Entered the Ecumenical Temple
 12821 | Lair:3   | Reached XP level 13. HP: 127/127 MP: 20/20
 13262 | Lair:4   | Learned a level 3 spell: Vampiric Draining
 13287 | Lair:4   | Found a glowing golden altar of the Shining One.
 13305 | Lair:4   | Got a smoking iron amulet
 13343 | Lair:4   | Found a hole to the Spider Nest.
 13459 | Lair:4   | Reached skill level 1 in Necromancy
 13461 | Lair:4   | Reached skill level 1 in Spellcasting
 13726 | Lair:4   | Identified the amulet "Zomatz" {Inacc rF++} (You found it on level 4 of the Lair of Beasts)
 14102 | Lair:4   | Reached skill level 15 in Armour
 14102 | Lair:4   | Reached skill level 5 in Necromancy
 14612 | Lair:5   | Found a runed door.
 14615 | Lair:5   | Found a viscous altar of Jiyva.
 14615 | Lair:5   | Noticed an acid blob
 14616 | Lair:5   | Found a staircase to the Slime Pits.
 14616 | Lair:5   | Noticed an acid blob
 14616 | Lair:5   | Noticed an acid blob
 14757 | Lair:5   | Identified a scroll of acquirement
 14790 | Lair:5   | Got a shimmering brass ring
 14792 | Lair:5   | Identified the ring of the Present {+Inv +Fly Str+7} (You acquired it on level 5 of the Lair of Beasts)
 15302 | Orc:1    | Entered Level 1 of the Orcish Mines
 15572 | Orc:1    | Gained mutation: You resist negative energy. (rN+) [Deep Dwarf growth]
 15572 | Orc:1    | Reached XP level 14. HP: 135/135 MP: 21/21
 15796 | Orc:2    | Entered Level 2 of the Orcish Mines
 16019 | Orc:2    | Found a roughly hewn altar of Beogh.
 16087 | Orc:2    | Found a roughly hewn altar of Beogh.
 16091 | Orc:2    | Found Waploce's Assorted Antiques.
 16122 | Orc:2    | Bought a scroll of enchant armour for 217 gold pieces
 16122 | Orc:2    | Bought a potion of might for 116 gold pieces
 16279 | Orc:2    | Found a roughly hewn altar of Beogh.
 16280 | Orc:2    | Found Vueqeg's Armour Shoppe.
 16377 | Orc:2    | Found a staircase to the Elven Halls.
 16420 | Orc:2    | Found a roughly hewn altar of Beogh.
 16515 | Orc:2    | Noticed an orc warlord
 16536 | Orc:2    | Killed an orc warlord
 16742 | Orc:2    | Found Atrul's Antique Weapon Emporium.
 16744 | Orc:2    | Found Duenapyt's Antique Armour Shoppe.
 16744 | Orc:2    | Found a roughly hewn altar of Beogh.
 16800 | Orc:2    | Found a roughly hewn altar of Beogh.
 17098 | Temple   | Fell from the grace of Lugonu
 17098 | Temple   | Became a worshipper of Trog the Wrathful
 17263 | D:11     | Killed Maxmaps's ghost
 17668 | D:13     | Reached * piety under Trog
 17840 | D:13     | Noticed a tentacled starspawn
 17856 | D:13     | Killed a tentacled starspawn
 18116 | D:13     | Reached ** piety under Trog
 18469 | D:13     | Lost mutation: You passively map a large area around you. [potion of mutation]
 18469 | D:13     | Lost mutation: Your flesh is cold resistant. (rC+) [potion of mutation]
 18469 | D:13     | Gained mutation: Your mind is very acute. (Int +4) [potion of mutation]
 18469 | D:13     | Gained mutation: Your muscles are strong. (Str +2) [potion of mutation]
 18470 | D:13     | Lost mutation: Your muscles are strong. (Str +2) [potion of mutation]
 18470 | D:13     | Lost mutation: Your mind is very acute. (Int +4) [potion of mutation]
 18470 | D:13     | Gained mutation: You evolve. [potion of mutation]
 18470 | D:13     | Lost mutation: Your mind is acute. (Int +2) [potion of mutation]
 18470 | D:13     | Gained mutation: [You are clumsy. (Dex -2)] [potion of mutation]
 18470 | D:13     | Lost mutation: [You are clumsy. (Dex -2)] [potion of mutation]
 18471 | D:13     | Lost mutation: You evolve. [potion of mutation]
 18471 | D:13     | Lost mutation: You occasionally shout uncontrollably at your foes. [potion of mutation]
 18471 | D:13     | Gained mutation: [You are frail. (-10% HP)] [potion of mutation]
 18471 | D:13     | Gained mutation: You possess an exceptional clarity of mind. [potion of mutation]
 18471 | D:13     | Gained mutation: You are agile. (Dex +2) [potion of mutation]
 18472 | D:13     | Lost mutation: [You are frail. (-10% HP)] [potion of mutation]
 18472 | D:13     | Lost mutation: You are agile. (Dex +2) [potion of mutation]
 18472 | D:13     | Gained mutation: [You are frail. (-10% HP)] [potion of mutation]
 18472 | D:13     | Gained mutation: You are resistant to hostile enchantments. (MR+) [potion of mutation]
 18570 | D:13     | Found the +8 storm bow {elec}
 18810 | Lair:2   | Reached *** piety under Trog
 19344 | D:14     | Reached skill level 16 in Armour
 19419 | D:14     | Reached skill level 5 in Spellcasting
 19529 | D:14     | Found Pouczai's Gadget Emporium.
 19620 | D:14     | Found a gate to the Vaults.
 19740 | D:14     | Reached XP level 15. HP: 89/126 MP: 22/22
 19784 | D:14     | Reached skill level 10 in Evocations
 19812 | D:14     | Lost mutation: You possess an exceptional clarity of mind. [mutagenic meat]
 19813 | D:14     | Gained mutation: You have sharp toenails. [mutagenic meat]
 19814 | D:14     | Gained mutation: You can translocate small distances at will. [mutagenic meat]
 20180 | D:14     | Cast into level 3 of the Abyss (Lugonu's touch)
 20264 | Abyss:3  | Gained mutation: You expend magic power (3 MP) to strengthen your wands. [a neqoxec]
 20316 | Abyss:3  | Found a corrupted altar of Lugonu.
 20385 | Abyss:3  | Noticed a tentacled starspawn
 20479 | Abyss:3  | Gained mutation: You are often teleported next to monsters. [a cacodemon]
 20484 | Abyss:3  | Gained mutation: Your magical capacity is low. (-10% MP) [a cacodemon]
 20660 | D:14     | Escaped the Abyss
 20789 | D:14     | Found a glowing golden altar of the Shining One.
 21367 | Lair:6   | Entered Level 6 of the Lair of Beasts
 21510 | Lair:6   | Reached **** piety under Trog
 22291 | Lair:6   | Cast into level 3 of the Abyss (Lugonu's touch)
 22344 | Abyss:3  | Paralysed by accursed screaming for 1 turns
 22345 | Abyss:2  | Found a corrupted altar of Lugonu.
 22514 | Abyss:2  | Noticed a tentacled starspawn
 22575 | Abyss:2  | Killed a tentacled starspawn
 22690 | Abyss:2  | Reached XP level 16. HP: 50/136 MP: 9/18
 22824 | Lair:6   | Escaped the Abyss
 23132 | Lair:6   | Paralysed by accursed screaming for 1 turns
 23297 | Lair:6   | Reached skill level 10 in Maces & Flails
 23340 | Lair:6   | Lost mutation: Your magical capacity is low. (-10% MP) [potion of mutation]
 23340 | Lair:6   | Lost mutation: You can translocate small distances at will. [potion of mutation]
 23340 | Lair:6   | Gained mutation: You are dopey. (Int -2) [potion of mutation]
 23340 | Lair:6   | Gained mutation: You are partially covered in slimy green scales. (AC +2) [potion of mutation]
 23467 | Swamp:1  | Entered Level 1 of the Swamp
 23588 | Swamp:1  | Noticed Louise
 23620 | Swamp:1  | Killed Louise
 23637 | Swamp:1  | Reached ***** piety under Trog
 23713 | Swamp:1  | Noticed a thorn hunter
 23725 | Swamp:1  | Killed a thorn hunter
 24037 | Swamp:1  | Noticed garbled's ghost (adept VSEE)
 24053 | Swamp:1  | Killed garbled's ghost
 24718 | Swamp:2  | Found a snail-covered altar of Cheibriados.
 25585 | Swamp:2  | HP: 7/141 [spriggan rider/spear (10)]
 25977 | Swamp:2  | Paralysed by accursed screaming for 1 turns
 26295 | Swamp:2  | Received a gift from Trog
 26518 | Swamp:3  | Noticed a tentacled starspawn
 26532 | Swamp:3  | Killed a tentacled starspawn
 26620 | Swamp:3  | Gained mutation: Your body sometimes deteriorates upon taking damage. [mutagenic glow]
 26663 | Swamp:3  | Gained mutation: Your body often deteriorates upon taking damage. [mutagenic glow]
 26979 | Swamp:2  | Was forgiven by Lugonu
 26980 | Swamp:3  | Cast into level 4 of the Abyss (Lugonu's touch)
 26980 | Abyss:4  | Found a corrupted altar of Lugonu.
 27018 | Abyss:4  | Noticed a tentacled starspawn
 27099 | Abyss:4  | Noticed a tentacled starspawn
 27110 | Abyss:4  | Killed a tentacled starspawn
 27126 | Abyss:4  | Noticed an Executioner
 27148 | Abyss:4  | Killed an Executioner
 27211 | Abyss:4  | Killed from afar by a smoke demon

Vault maps used:
D:1:      giann_bridges, minivault_11
D:2:      first_bread, hangedman_feature_mirror, bloody_makhleb
D:3:      portal_sewer_entry_e, chequers_ecumenical_altar_island
D:5:      kennysheep_mini_moat, serial_shops,
          nicolae_shop_competitors_out_of_business, shop, uniq_edmund,
          uniq_grinder, uniq_eustachio
D:6:      uniq_duvessa, uniq_crazy_yiuf_cottage, uniq_pikel
D:7:      minmay_temple_entry_mist, the_bakery
D:8:      lair_entry_dummy, serial_shops, shop, shop,
          nicolae_shop_overgrown_old_shop, nicolae_shop_statue_plus,
          serial_bayou_crossing
D:9:      orc_0_dummy, minmay_guarded_unrand_resistance
D:10:     st_stairs_4, uniq_erolcha
D:11:     nicolae_zen_rock_garden, uniq_grum
D:13:     laboratory
D:14:     minmay_ornate_pinched, lightli_vaults_fourway_checkpoint,
          serial_shops, nicolae_shop_trees, nicolae_tso_carved_into_rock
Temple:   kilobyte_greek_temple
Lair:1:   lab_entry_generic, lemuel_oklob_altar, lemuel_fruit_fields
Lair:3:   minmay_swamp_entry_wisps
Lair:4:   onia_ninara_swampy_vault, spider_nest_entry_rubble, basic_altar,
          grunt_megastairs_1
Lair:5:   slime_altar_2
Lair:6:   evilmike_catoblepas_cave, st_stairs_11, minmay_lair_oklob_chamber,
          grunt_megastairs_3
Swamp:1:  evilmike_swamp_ruin_house_6, swamp_pool4, uniq_louise
Swamp:2:  cheibrodos_swamp_heart_of_darkness, basic_altar
Swamp:3:  evilmike_swamp_ruin_rubble_2, swamp_pool3
Orc:2:    grunt_orc_community_town_hall, grunt_orc_community_big_house_2,
          grunt_orc_community_big_house_1, grunt_orc_community_house_3,
          grunt_orc_community_house_1, grunt_orc_community_house_2,
          grunt_orc_community_house_1, grunt_orc_community_house_2
Abyss:3:  hangedman_abyss_stitches_cave, hangedman_abyss_overflow_altar,
          hangedman_decor_lopped, onia_ninara_dug_in_and_dangerous
Abyss:4:  evilmike_abyss_exit_11, nicolae_abyss_rune_left_handed
Lab:      nicolae_lab_dead_adventurers, nicolae_lab_very_dead_end, lab_block,
          nicolae_lab_big_swirl, nicolae_lab_flowing_pool, nicolae_lab_swirl,
          labyrinth_skeletal_remains, labyrinth_lava_lair, nicolae_lab_lava,
          nicolae_lab_plus, labyrinth_fake_exit
Sewer:    kennysheep_sewer_church

Skill      XL: |  1  2  3  4  5  6  7  8  9 10 11 12 13 14 15 16 |
---------------+-------------------------------------------------+-----
Fighting       | 3 4 6 7 8 10 11 12 13 | 13.8
Armour         | 3 4 5 6 7 9 11 12 14 15 16 | 16.9
Maces & Flails | 2 4 5 7 9 10 | 10.8
Shields        | 4 5 6 10 11 12 14 | 14.0
Evocations     | 6 9 12 | 12.0
Necromancy     | 7 9 |  9.6
Spellcasting   | 3 5 |  5.2
Axes           | |  2.3
Dodging        | |  1.4
Invocations    | |  2.8

Action                   |  1- 3 |  4- 6 |  7- 9 | 10-12 | 13-15 | 16-18 || total
-------------------------+-------+-------+-------+-------+-------+-------++-------
Melee: Hand axe          |    85 |    66 |       |       |       |       ||   151
       Whip              |       |   160 |   520 |  1191 |  2620 |  1046 ||  5537
Throw: Javelin           |       |       |     4 |       |       |       ||     4
Invok: Depart the Abyss  |     1 |       |       |       |       |       ||     1
       Burn Spellbooks   |       |       |       |       |     7 |     2 ||     9
       Trog's Hand       |       |       |       |       |    14 |     5 ||    19
       Berserk           |       |       |       |       |     1 |     6 ||     7
 Abil: Heal Wounds       |       |     1 |       |       |    13 |    16 ||    30
Evoke: Wand              |       |       |       |     6 |     8 |       ||    14
       Lightning rod     |       |       |       |     6 |     8 |     5 ||    19
  Use: Scroll            |     7 |     1 |     5 |    20 |    16 |    11 ||    60
       Potion            |       |       |     3 |     1 |    13 |     4 ||    21
 Stab: Petrified         |       |       |       |       |       |     8 ||     8
  Eat: Chunk             |     1 |     3 |    10 |    34 |    34 |     5 ||    87
       Meat ration       |       |     1 |     1 |     1 |     3 |     4 ||    10
Armor: Leather armour    |    17 |    47 |       |       |       |       ||    64
       Scale mail        |       |    75 |    53 |       |       |       ||   128
       Chain mail        |       |       |   131 |       |       |       ||   131
       Skin              |       |       |    13 |       |       |       ||    13
       Plate armour      |       |       |   113 |   733 |       |       ||   846
       Crystal plate arm |       |       |       |   106 |  1565 |   374 ||  2045
       Swamp dragon scal |       |       |       |       |       |   271 ||   271
Dodge: Dodged            |    62 |   147 |   161 |   261 |   318 |   213 ||  1162
Block: Buckler           |       |       |    19 |   152 |       |       ||   171
       Large shield      |       |       |       |   553 |  2938 |  1045 ||  4536

Table legend:
 A = Spawn XP
 B = Non-spawn XP
 C = Spawn XP percentage of total XP
 D = Spawn monster count
 E = Non-spawn monster count
 F = Spawn count percentage of total count
 G = Total turns spent on level
                    A         B        C        D         E        F      G
               +---------+---------+-------+---------+---------+-------+---------
         Total |   19770 |  188359 |   9.5 |      43 |     945 |   4.4 | 27211
               +---------+---------+-------+---------+---------+-------+---------
           D:1 |       0 |      35 |   0.0 |       0 |      17 |   0.0 |   590
           D:2 |       0 |      99 |   0.0 |       0 |      31 |   0.0 |   875
           D:3 |       0 |     178 |   0.0 |       0 |      38 |   0.0 |   748
           D:4 |       0 |     550 |   0.0 |       0 |      14 |   0.0 |   457
           D:5 |       0 |    1305 |   0.0 |       0 |      41 |   0.0 |   858
           D:6 |       0 |    1643 |   0.0 |       0 |      19 |   0.0 |   927
           D:7 |       0 |     992 |   0.0 |       0 |      16 |   0.0 |   690
           D:8 |       0 |    1705 |   0.0 |       0 |      19 |   0.0 |  1178
           D:9 |       0 |    2521 |   0.0 |       0 |      30 |   0.0 |  1267
          D:10 |       0 |    5963 |   0.0 |       0 |      32 |   0.0 |   941
          D:11 |       0 |    5158 |   0.0 |       0 |      46 |   0.0 |  1456
          D:12 |       0 |    6372 |   0.0 |       0 |      41 |   0.0 |   887
          D:13 |       0 |   13198 |   0.0 |       0 |      85 |   0.0 |  1267
          D:14 |       0 |   23718 |   0.0 |       0 |      53 |   0.0 |  1302
        Lair:1 |       0 |    2606 |   0.0 |       0 |      11 |   0.0 |   416
        Lair:2 |       0 |    3238 |   0.0 |       0 |      16 |   0.0 |   792
        Lair:3 |       0 |    5001 |   0.0 |       0 |      25 |   0.0 |  1086
        Lair:4 |       0 |   14967 |   0.0 |       0 |      49 |   0.0 |  1412
        Lair:5 |       0 |    8353 |   0.0 |       0 |      23 |   0.0 |   943
        Lair:6 |       0 |   21986 |   0.0 |       0 |      56 |   0.0 |  1497
       Swamp:1 |       0 |   20377 |   0.0 |       0 |      39 |   0.0 |  1255
       Swamp:2 |       0 |   14242 |   0.0 |       0 |      32 |   0.0 |  1653
       Swamp:3 |       0 |    2636 |   0.0 |       0 |      10 |   0.0 |   496
         Orc:1 |       0 |    2359 |   0.0 |       0 |      28 |   0.0 |   505
         Orc:2 |       0 |   11697 |   0.0 |       0 |     109 |   0.0 |  1182
       Abyss:2 |    5768 |    8545 |  40.3 |      18 |      14 |  56.2 |   479
       Abyss:3 |    7595 |    4252 |  64.1 |      17 |       7 |  70.8 |   534
       Abyss:4 |    6407 |    1686 |  79.2 |       8 |       2 |  80.0 |   231
           Lab |       0 |    2220 |   0.0 |       0 |       7 |   0.0 |   393
         Sewer |       0 |     757 |   0.0 |       0 |      35 |   0.0 |   568
               +---------+---------+-------+---------+---------+-------+---------
